TOP OF THE 1ST |
Dunedin Rangers batting - Pitching for Bradenton Sox : LHP Bert Johnson
|
Pitching: LHP Bert Johnson
|
|
Batting: RHB Jacob Brumfield
|
0-0: Ball 1-0: Ball 2-0: Ball 3-0: Base on Balls
|
Batting: LHB Curt Ford
|
0-0: Ball 1-0: Ball 2-0: Ball 3-0: Base on Balls Jacob Brumfield to second
|
Batting: LHB La Schelle Tarver
|
0-0: Foul Ball, location: 2F 0-1: Swinging Strike 0-2: DOUBLE (Flyball, 89D, EV 101.9 MPH) Jacob Brumfield scores Curt Ford to third
|
Batting: RHB Glenn Wilson
|
0-0: Ball 1-0: Fly out, F3 (Flyball, 3D, EV 90.6 MPH)
|
Batting: RHB Edgar Martinez
|
0-0: Ball 1-0: Ball 2-0: Foul Ball, location: 2F 2-1: Swinging Strike 2-2: Ball 3-2: Fly out, F7 (Flyball, 7S, EV 85.0 MPH)
|
Batting: LHB Ty Van Burkleo
|
0-0: Ball 1-0: Ball 2-0: Ball 3-0: Called Strike 3-1: Foul Ball, location: 2F 3-2: Base on Balls
|
Batting: RHB Gary Thurman
|
0-0: Foul Ball, location: 2F 0-1: Ball 1-1: Foul Ball, location: 2F 1-2: Foul Ball, location: 2F 1-2: Foul Ball, location: 2F 1-2: Ball 2-2: Foul Ball, location: 2F 2-2: Ball 3-2: SINGLE (Line Drive, 7S, EV 104.4 MPH) Curt Ford scores La Schelle Tarver to third Ty Van Burkleo to second La Schelle Tarver scores Ty Van Burkleo to third
|
Batting: RHB Ron Gant
|
0-0: Called Strike 0-1: Ball 1-1: SINGLE (Groundball, 6MD, EV 94.4 MPH) Ty Van Burkleo scores Gary Thurman to second Runner from 2nd tries for 3rd, SAFE, throw by CF made to third Ron Gant to second
|
Batting: RHB Antonio Martinez
|
0-0: Ball 1-0: Fly out, F9 (Flyball, 89S, EV 83.1 MPH)
|
Top of the 1st over - 4 runs, 3 hits, 0 errors, 2 left on base; Dunedin 4 - Bradenton 0 |
BOTTOM OF THE 1ST |
Bradenton Sox batting - Pitching for Dunedin Rangers : RHP Ronald Sylvia
|
Pitching: RHP Ronald Sylvia
|
|
Batting: RHB Dave Coss
|
0-0: Ball 1-0: Ball 2-0: Ground out 6-3 (Groundball, 56, EV 94.4 MPH)
|
Batting: RHB Rene Gonzales
|
0-0: Ball 1-0: Ball 2-0: Foul Ball, location: 2F 2-1: Ball 3-1: Foul Ball, location: 2F 3-2: Strikes out swinging
|
Batting: RHB Dennis Tiefenthaler
|
0-0: Ball 1-0: Fly out, F3 (Popup, 3F, EV 71.9 MPH)
|
Bottom of the 1st over - 0 runs, 0 hits, 0 errors, 0 left on base; Dunedin 4 - Bradenton 0 |
TOP OF THE 2ND |
Dunedin Rangers batting - Pitching for Bradenton Sox : LHP Bert Johnson
|
Batting: RHB Jacob Brumfield
|
0-0: Called Strike 0-1: Foul Ball, location: 2F 0-2: Ball 1-2: Foul Ball, location: 2F 1-2: Ball 2-2: Ball 3-2: SINGLE (Line Drive, 9S, EV 93.8 MPH)
|
Batting: LHB Curt Ford
|
0-0: Ball 1-0: Called Strike 1-1: Ball 2-1: Swinging Strike 2-2: Ball 3-2: Strikes out swinging
|
Batting: LHB La Schelle Tarver
|
0-0: Ball Jacob Brumfield steals 2nd base 1-0: Fly out, F8 (Line Drive, 8RM, EV 88.1 MPH)
|
Batting: RHB Glenn Wilson
|
0-0: SINGLE (Groundball, 34S, EV 69.4 MPH) (infield hit) Jacob Brumfield to third
|
Batting: RHB Edgar Martinez
|
0-0: 3-RUN HOME RUN (Flyball, 7D, EV 97.5 MPH), Distance : 357 ft
|
Pitching: RHP Joe Stefani
|
|
Batting: LHB Ty Van Burkleo
|
0-0: Ball 1-0: Called Strike 1-1: Ball 2-1: DOUBLE (Groundball, 3L, EV 107.5 MPH)
|
Batting: RHB Gary Thurman
|
0-0: Swinging Strike 0-1: Ball 1-1: Called Strike 1-2: Ball 2-2: Foul Ball, location: 2F 2-2: Ball 3-2: Ground out 4-3 (Groundball, 4, EV 90.0 MPH)
|
Top of the 2nd over - 3 runs, 4 hits, 0 errors, 1 left on base; Dunedin 7 - Bradenton 0 |
BOTTOM OF THE 2ND |
Bradenton Sox batting - Pitching for Dunedin Rangers : RHP Ronald Sylvia
|
Batting: RHB Dave Hoeksema
|
0-0: Ball 1-0: Ball 2-0: Swinging Strike 2-1: Fly out, F9 (Flyball, 9, EV 86.9 MPH)
|
Batting: SHB Thomas Colburn
|
0-0: Ball 1-0: Called Strike 1-1: Called Strike 1-2: Foul Ball, location: 2F 1-2: Strikes out swinging
|
Batting: RHB Jerry Nalley
|
0-0: Called Strike 0-1: Ball 1-1: Ground out 5-3 (Groundball, 56S, EV 60.0 MPH)
|
Bottom of the 2nd over - 0 runs, 0 hits, 0 errors, 0 left on base; Dunedin 7 - Bradenton 0 |
TOP OF THE 3RD |
Dunedin Rangers batting - Pitching for Bradenton Sox : RHP Joe Stefani
|
Batting: RHB Ron Gant
|
0-0: Called Strike 0-1: Ball 1-1: Swinging Strike 1-2: Ball 2-2: Ball 3-2: Foul Ball, location: 2F 3-2: Foul Ball, location: 2F 3-2: Base on Balls
|
Batting: RHB Antonio Martinez
|
0-0: Called Strike 0-1: Fly out, F8 (Flyball, 8RS, EV 83.1 MPH)
|
Batting: RHB Jacob Brumfield
|
0-0: Ball 1-0: Called Strike 1-1: TRIPLE (Flyball, 89XD, EV 97.5 MPH) Ron Gant scores
|
Batting: LHB Curt Ford
|
0-0: Ball 1-0: Foul Ball, location: 2F 1-1: 2-RUN HOME RUN (Flyball, 78XD, EV 92.5 MPH), Distance : 409 ft
|
Batting: LHB La Schelle Tarver
|
0-0: Ball 1-0: Swinging Strike 1-1: Ground out 4-3 (Groundball, 4, EV 85.6 MPH)
|
Batting: RHB Glenn Wilson
|
0-0: Called Strike 0-1: Ball 1-1: Fly out, F9 (Flyball, 9S, EV 90.6 MPH)
|
Top of the 3rd over - 3 runs, 2 hits, 0 errors, 0 left on base; Dunedin 10 - Bradenton 0 |
BOTTOM OF THE 3RD |
Bradenton Sox batting - Pitching for Dunedin Rangers : RHP Ronald Sylvia
|
Batting: RHB William Murray
|
0-0: Called Strike 0-1: Ball 1-1: Ball 2-1: Ground out 6-3 (Groundball, 6, EV 84.4 MPH)
|
Batting: RHB Dennis Keating
|
0-0: Ball 1-0: Fly out, F4 (Popup, 34S, EV 73.1 MPH)
|
Batting: RHB Robert Parr
|
0-0: Ball 1-0: Ground out 5-3 (Groundball, 56, EV 101.9 MPH)
|
Bottom of the 3rd over - 0 runs, 0 hits, 0 errors, 0 left on base; Dunedin 10 - Bradenton 0 |
TOP OF THE 4TH |
Dunedin Rangers batting - Pitching for Bradenton Sox : RHP Joe Stefani
|
Batting: RHB Edgar Martinez
|
0-0: Called Strike 0-1: Ball 1-1: Swinging Strike 1-2: Ball 2-2: Strikes out looking
|
Batting: LHB Ty Van Burkleo
|
0-0: Ground out 4-3 (Groundball, 4, EV 84.4 MPH)
|
Batting: RHB Gary Thurman
|
0-0: Called Strike 0-1: Called Strike 0-2: Strikes out swinging
|
Top of the 4th over - 0 runs, 0 hits, 0 errors, 0 left on base; Dunedin 10 - Bradenton 0 |
BOTTOM OF THE 4TH |
Bradenton Sox batting - Pitching for Dunedin Rangers : RHP Ronald Sylvia
|
Batting: RHB Dave Coss
|
0-0: SINGLE (Line Drive, 5D, EV 99.4 MPH)
|
Batting: RHB Rene Gonzales
|
0-0: Ball Dave Coss steals 2nd base 1-0: Ball 2-0: Ball 3-0: Base on Balls
|
Batting: RHB Dennis Tiefenthaler
|
0-0: Called Strike 0-1: Called Strike 0-2: Strikes out swinging
|
Batting: RHB Dave Hoeksema
|
0-0: Called Strike 0-1: Foul Ball, location: 2F 0-2: Ball 1-2: Grounds into double play, 5-4-3 (Groundball, 5, EV 78.8 MPH)
|
Bottom of the 4th over - 0 runs, 1 hit, 0 errors, 1 left on base; Dunedin 10 - Bradenton 0 |
TOP OF THE 5TH |
Dunedin Rangers batting - Pitching for Bradenton Sox : RHP Joe Stefani
|
Batting: RHB Ron Gant
|
0-0: Called Strike 0-1: Swinging Strike 0-2: Strikes out looking
|
Batting: RHB Antonio Martinez
|
0-0: Called Strike 0-1: Foul Ball, location: 2F 0-2: Ball 1-2: Strikes out looking
|
Batting: RHB Jacob Brumfield
|
0-0: Ball 1-0: Ball 2-0: Ball 3-0: Base on Balls
|
Batting: LHB Curt Ford
|
0-0: Ball 1-0: Foul Ball, location: 2F 1-1: Ball 2-1: Called Strike 2-2: Ball 3-2: Foul Ball, location: 2F 3-2: Ground out 6-3 (Groundball, 6, EV 88.1 MPH)
|
Top of the 5th over - 0 runs, 0 hits, 0 errors, 1 left on base; Dunedin 10 - Bradenton 0 |
BOTTOM OF THE 5TH |
Bradenton Sox batting - Pitching for Dunedin Rangers : RHP Ronald Sylvia
|
Batting: SHB Thomas Colburn
|
0-0: Ball 1-0: Called Strike 1-1: Ball 2-1: Foul Ball, location: 2F 2-2: Ground out 4-3 (Groundball, 4, EV 90.6 MPH)
|
Batting: RHB Jerry Nalley
|
0-0: Called Strike 0-1: Ball 1-1: Reached on error, E1 (Groundball, P, EV 65.0 MPH)
|
Batting: RHB William Murray
|
0-0: Ball Jerry Nalley steals 2nd base (no throw) 1-0: Called Strike 1-1: Ball 2-1: Ball 3-1: Base on Balls
|
Batting: RHB Dennis Keating
|
0-0: Ball 1-0: Ball 2-0: Ball 3-0: Called Strike 3-1: Foul Ball, location: 2F 3-2: Ground out 5-3 (Groundball, 56S, EV 65.6 MPH) Jerry Nalley to third William Murray to second
|
Batting: RHB Robert Parr
|
0-0: Ball 1-0: SINGLE (Flyball, 89S, EV 87.5 MPH) Jerry Nalley scores William Murray to third Runner from 3rd tries for Home, SAFE, throw by RF to home
|
Batting: RHB Dave Coss
|
0-0: SINGLE (Groundball, 56D, EV 101.3 MPH) (infield hit) Robert Parr to second
|
Batting: RHB Rene Gonzales
|
0-0: Ball 1-0: Ball 2-0: Ball 3-0: Base on Balls Robert Parr to third Dave Coss to second
|
Batting: RHB Dennis Tiefenthaler
|
0-0: Called Strike 0-1: Foul Ball, location: 2F 0-2: Ball 1-2: Ground out U3 (Groundball, 34, EV 87.5 MPH)
|
Bottom of the 5th over - 2 runs, 2 hits, 1 error, 3 left on base; Dunedin 10 - Bradenton 2 |
TOP OF THE 6TH |
Dunedin Rangers batting - Pitching for Bradenton Sox : RHP Joe Stefani
|
Pitching: RHP Gregory Pope
|
|
Batting: LHB La Schelle Tarver
|
0-0: Ball 1-0: Called Strike 1-1: Ground out 5-3 (Groundball, 15, EV 86.9 MPH)
|
Batting: RHB Glenn Wilson
|
0-0: Ball 1-0: Ball 2-0: Called Strike 2-1: Swinging Strike 2-2: Foul Ball, location: 2F 2-2: Fly out, F8 (Flyball, 78XD, EV 92.5 MPH)
|
Batting: RHB Edgar Martinez
|
0-0: Fly out, F9 (Flyball, 9D, EV 98.1 MPH)
|
Top of the 6th over - 0 runs, 0 hits, 0 errors, 0 left on base; Dunedin 10 - Bradenton 2 |
BOTTOM OF THE 6TH |
Bradenton Sox batting - Pitching for Dunedin Rangers : RHP Ronald Sylvia
|
Batting: RHB Dave Hoeksema
|
0-0: Called Strike 0-1: Ball 1-1: Fly out, F9 (Flyball, 9, EV 84.4 MPH)
|
Batting: SHB Thomas Colburn
|
0-0: Ball 1-0: Ball 2-0: Called Strike 2-1: Ball 3-1: Base on Balls
|
Batting: RHB Jerry Nalley
|
0-0: Ball 1-0: Ball 2-0: Ball 3-0: Base on Balls Thomas Colburn to second
|
Batting: RHB William Murray
|
0-0: Fly out, F7 (Flyball, 7, EV 83.1 MPH)
|
Batting: RHB Dennis Keating
|
0-0: Swinging Strike 0-1: Ball 1-1: SINGLE (Line Drive, 89S, EV 92.5 MPH) Thomas Colburn to third Jerry Nalley to second Runner from 3rd tries for Home, SAFE, throw by RF to home
|
Batting: RHB Robert Parr
|
0-0: Ball 1-0: Called Strike 1-1: Ball Wild Pitch! Jerry Nalley to third Dennis Keating to second 2-1: Ball 3-1: Ground out 3-1 (Groundball, 34, EV 102.5 MPH)
|
Bottom of the 6th over - 1 run, 1 hit, 0 errors, 2 left on base; Dunedin 10 - Bradenton 3 |
TOP OF THE 7TH |
Dunedin Rangers batting - Pitching for Bradenton Sox : RHP Gregory Pope
|
Pinch Hitting: RHB Tony Triplett
|
0-0: Called Strike 0-1: Foul Ball, location: 2F 0-2: Ball 1-2: Ball 2-2: Ball 3-2: Base on Balls
|
Batting: RHB Gary Thurman
|
0-0: Swinging Strike 0-1: Foul Ball, location: 2F 0-2: Strikes out looking
|
Pinch Hitting: RHB Carl Vasquez
|
0-0: Swinging Strike 0-1: Ball 1-1: Ball 2-1: Swinging Strike 2-2: Strikes out swinging
|
Batting: RHB Antonio Martinez
|
0-0: Called Strike 0-1: Ball 1-1: Foul Ball, location: 2F 1-2: Foul Ball, location: 2F 1-2: Ball Tony Triplett steals 2nd base 2-2: Strikes out swinging
|
Top of the 7th over - 0 runs, 0 hits, 0 errors, 1 left on base; Dunedin 10 - Bradenton 3 |
BOTTOM OF THE 7TH |
Bradenton Sox batting - Pitching for Dunedin Rangers : RHP Ronald Sylvia
|
Now at 1B: Tony Triplett
|
|
Now at 3B: Kurtis Kaull
|
|
Batting: RHB Dave Coss
|
0-0: Foul Ball, location: 2F 0-1: Swinging Strike 0-2: Ball 1-2: Ball 2-2: Fly out, F9 (Flyball, 9, EV 85.0 MPH)
|
Batting: RHB Rene Gonzales
|
0-0: Called Strike 0-1: Called Strike 0-2: Ball 1-2: Ball 2-2: Ground out 6-3 (Groundball, P, EV 86.9 MPH)
|
Batting: RHB Dennis Tiefenthaler
|
0-0: Ground out 5-3 (Groundball, 56S, EV 90.0 MPH)
|
Bottom of the 7th over - 0 runs, 0 hits, 0 errors, 0 left on base; Dunedin 10 - Bradenton 3 |
TOP OF THE 8TH |
Dunedin Rangers batting - Pitching for Bradenton Sox : RHP Gregory Pope
|
Pinch Hitting: RHB Juan Cruz
|
0-0: Ball 1-0: Ball 2-0: Ball 3-0: Base on Balls
|
Pinch Hitting: LHB Orlando Artiles
|
0-0: Ball 1-0: Ball 2-0: Ball 3-0: Base on Balls Juan Cruz to second
|
Batting: LHB La Schelle Tarver
|
0-0: Fielders Choice at 2nd, 6-4 (Groundball, 6M, EV 85.0 MPH) Juan Cruz to third
|
Pinch Hitting: RHB Rich Rodriguez
|
0-0: Ball 1-0: Grounds into double play, 6-4-3 (Groundball, 6M, EV 105.6 MPH)
|
Top of the 8th over - 0 runs, 0 hits, 0 errors, 1 left on base; Dunedin 10 - Bradenton 3 |
BOTTOM OF THE 8TH |
Bradenton Sox batting - Pitching for Dunedin Rangers : RHP Ronald Sylvia
|
Now at SS: Juan Cruz
|
|
Now in LF: Rich Rodriguez
|
|
Now in CF: Orlando Artiles
|
|
Batting: RHB Dave Hoeksema
|
0-0: Foul Ball, location: 2F 0-1: Fly out, F8 (Flyball, 8RM, EV 83.8 MPH)
|
Batting: SHB Thomas Colburn
|
0-0: Foul Ball, location: 2F 0-1: Ball 1-1: Ball 2-1: Called Strike 2-2: Fly out, F8 (Flyball, 8LXD, EV 93.1 MPH)
|
Batting: RHB Jerry Nalley
|
0-0: Ground out 5-3 (Groundball, 5, EV 103.8 MPH)
|
Bottom of the 8th over - 0 runs, 0 hits, 0 errors, 0 left on base; Dunedin 10 - Bradenton 3 |
TOP OF THE 9TH |
Dunedin Rangers batting - Pitching for Bradenton Sox : RHP Gregory Pope
|
Pinch Hitting: RHB Curtis Baker
|
0-0: Ball 1-0: Called Strike 1-1: Ball 2-1: Foul Ball, location: 2F 2-2: Strikes out swinging
|
Pitching: RHP Ronald Nero
|
|
Pinch Hitting: RHB Daniel Smith
|
0-0: Ball 1-0: Called Strike 1-1: Ball 2-1: Ball 3-1: Foul Ball, location: 2F 3-2: Foul Ball, location: 2F 3-2: Strikes out swinging
|
Pinch Hitting: LHB Alan Duncan
|
0-0: Ball 1-0: Ball 2-0: Called Strike 2-1: Foul Ball, location: 2F 2-2: SINGLE (Groundball, 4MD, EV 96.3 MPH)
|
Pinch Hitting: SHB Shane O'Shea
|
0-0: Called Strike 0-1: Foul Ball, location: 2F 0-2: Ball 1-2: Foul Ball, location: 2F 1-2: Foul Ball, location: 2F 1-2: Strikes out swinging, 2-3 out at first.
|
Top of the 9th over - 0 runs, 1 hit, 0 errors, 1 left on base; Dunedin 10 - Bradenton 3 |
BOTTOM OF THE 9TH |
Bradenton Sox batting - Pitching for Dunedin Rangers : RHP Ronald Sylvia
|
Now at 1B: Preston Freeman
|
|
Now at 3B: Curtis Baker
|
|
Now at SS: Daniel Smith
|
|
Now in RF: Anthony Moncrief
|
|
Batting: RHB William Murray
|
0-0: Ball 1-0: Ball 2-0: Ball 3-0: Called Strike 3-1: Base on Balls
|
Batting: RHB Dennis Keating
|
0-0: Swinging Strike 0-1: Foul Ball, location: 2F 0-2: Strikes out swinging
|
Batting: RHB Robert Parr
|
0-0: Called Strike 0-1: Called Strike 0-2: Ball 1-2: Ball 2-2: Ball 3-2: Strikes out swinging
|
Batting: RHB Dave Coss
|
0-0: Foul Ball, location: 2F 0-1: Foul Ball, location: 2F 0-2: SINGLE (Line Drive, 7S, EV 104.4 MPH) William Murray to second
|
Batting: RHB Rene Gonzales
|
0-0: Ball 1-0: Ball 2-0: SINGLE (Groundball, 56D, EV 103.8 MPH) William Murray to third Dave Coss to second
|
Batting: RHB Dennis Tiefenthaler
|
0-0: Called Strike 0-1: Fielders Choice at 2nd, 6-4 (Groundball, 6, EV 104.4 MPH)
|
Bottom of the 9th over - 0 runs, 2 hits, 0 errors, 3 left on base; Dunedin 10 - Bradenton 3 |
|